 Dungeon Crawl Stone Soup version 0.31-a0-1242-g57893ffec4 (webtiles) character file.

Game seed: 9501407391554841126

465 Gargoyl the Chopper (level 7, -2/44 HPs)
             Began as a Gargoyle Berserker on Dec 16, 2023.
             Was a Believer of Trog.
             Killed by divine providence
             ... invoked by an orc priest
              (17 damage)
             ... on level 5 of the Dungeon.
             The game lasted 00:04:12 (4478 turns).

Gargoyl the Chopper (Gargoyle Berserker)            Turns: 4478, Time: 00:04:12

Health: -2/44      AC: 11    Str: 18    XL:     7   Next: 8%
Magic:  7/7        EV: 12    Int:  6    God:    Trog [**....]
Gold:   209        SH:  4    Dex: 15    Spells: 6/6 levels left

rFire   . . .        a - +1 hand axe
rCold   . . .        (no shield)
rNeg    + . .        n - +1 steam dragon scales
rPois   ∞            (no helmet)
rElec   +            (no cloak)
rCorr   .            (no gloves)
SInv    .            (no boots)
Will    ++...        (no amulet)
Stlth   +            (no ring)
HPRegen 1.27/turn    (no ring)
MPRegen 0.10/turn

%: no passive effects
@: strong-willed (expiring), on berserk cooldown, regenerating (expiring),
slowed, very slow
A: sickness immunity, AC +4, negative energy resistance 1, electricity
resistance, torment resistance 1, petrification resistance, large bone plates 1,
agile 1, sense surroundings 1, weak 1
a: Renounce Religion, Berserk, Trog's Hand


You were on level 5 of the Dungeon.
You worshipped Trog.
Trog was pleased with you.
You visited 1 branch of the dungeon, and saw 5 of its levels.

You collected 209 gold pieces.

Inventory:

Hand Weapons
 a - a +1 hand axe (weapon)
 l - a +1 heavy flail
Missiles
 i - 3 poisoned darts (quivered)
 k - a throwing net
Armour
 n - +1 steam dragon scales (worn)
Scrolls
 g - a scroll of revelation
Potions
 c - a potion of enlightenment
 f - 2 potions of brilliance {unknown}
 h - a potion of invisibility {unknown}
 j - 2 potions of berserk rage {unknown}


   Skills:
 + Level 4.6 Fighting
 + Level 5.5 Axes
 + Level 4.2 Armour
 + Level 2.0 Dodging


You had 6 spell levels left.
You didn't know any spells.
Your spell library was empty.

Dungeon Overview and Level Annotations

Branches:
Dungeon (5/15)
 Temple: D:4-7

Altars:
Yredelemnul


Innate Abilities, Weirdness & Mutations

You are immune to sickness and miasma.
Your stone body is resilient. (AC +4)
You are immune to poison.
You resist negative energy. (rN+)
You are resistant to electric shocks. (rElec)
You are resistant to unholy torment.
You are immune to petrification.
You are partially covered in large bone plates. (SH +4)
You are agile. (Dex +4, Str/Int -1)
You passively map a small area around you.
You are weak. (Str -2)


Message History

Your skin crawls.
You feel strong-willed. The orc misses you. Something hits you.
The orc hits you but does no damage.
The orc priest calls upon Beogh to heal the orc.
The orc's wounds heal themselves!
Something hits you.
Okay, then.
You hit the orc priest.
The orc priest is lightly wounded.
You hit the orc. You closely miss something. The orc hits you with a +0 dagger.
The orc priest hits you with a +0 long sword.
Something hits you but does no damage.
Unknown command.
You barely miss the orc priest.
The orc priest is lightly wounded.
You slash the orc!
You kill the orc!
Trog accepts your kill.
You miss something. The orc priest closely misses you.
Something hits you but does no damage.
The orc priest hits you with a +0 long sword.
Something hits you.
You hit the orc priest.
The orc priest is moderately wounded.
You miss something.
You feel the effects of Trog's Hand fading.
The orc priest hits you but does no damage.
Something hits you but does no damage.
The orc priest hits you with a +0 long sword!
* * * LOW HITPOINT WARNING * * *
An orc comes into view. It is wielding a +0 mace.
It was a potion of mutation.
You feel extremely strange.
You feel weaker.
You feel agile.
Large bone plates grow over parts of your arms.
You feel a strange attunement to the structure of the dungeons.
You hear some strange, mumbled words.
A magic dart appears from out of thin air!
The magic dart hits you but does no damage.
The orc priest calls down the wrath of Beogh upon you.
Beogh smites you!
You die...

.. ,#........## ...
#......<..##* ,
....,#..........##
.....#.....)........
..........)##.....##
, ,
........##)###.####
* .....#.....#.###,
.... #...#{#..###o.
.#.......#.@o$.....
, #
#.#..##.#)..#..#*
####..#.##.....# *
##...# ..8##.* #..#
*#..) , #..# ,.###
#..# ,# , * #..# * *
,


You could see an orc priest and an orc.

Vanquished Creatures
  A steam dragon (D:4)
  An ogre (D:4)
  A hound (D:4)
  An orc wizard (D:5)
  7 adders
  4 gnolls (D:4)
  2 worms (D:2)
  5 orcs
  4 bats
  7 endoplasms
  4 giant cockroaches
  3 goblins
  8 hobgoblins
  8 jackals
  8 kobolds
  2 quokkas
  8 ball pythons
  A frilled lizard (D:1)
  4 rats (D:1)
79 creatures vanquished.

Notes
Turn   | Place    | Note
-------+----------+-------------------------------------------
     0 | D:1      | Gargoyl the Gargoyle Berserker began the quest for the Orb.
     0 | D:1      | Reached XP level 1. HP: 14/14 MP: 1/1
   281 | D:1      | Reached XP level 2. HP: 18/19 MP: 2/2
   297 | D:1      | Reached skill level 3 in Axes
   781 | D:1      | Reached XP level 3. HP: 15/24 MP: 3/3
  1134 | D:2      | Found a basalt altar of Yredelemnul.
  1293 | D:2      | Reached ** piety under Trog
  1425 | D:2      | Reached XP level 4. HP: 29/29 MP: 4/4
  2865 | D:4      | Noticed an ogre
  2871 | D:4      | Killed an ogre
  2872 | D:4      | Reached skill level 4 in Axes
  2872 | D:4      | Reached XP level 5. HP: 33/33 MP: 5/5
  2920 | D:4      | Reached XP level 6. HP: 18/39 MP: 6/6
  3183 | D:4      | Reached skill level 5 in Axes
  3281 | D:4      | Noticed a steam dragon
  3290 | D:4      | Killed a steam dragon
  3462 | D:4      | Reached XP level 7. HP: 41/44 MP: 7/7
  3740 | D:5      | Entered Level 5 of the Dungeon
  4478 | D:5      | Gained mutation: You are weak. (Str -2) [potion of
                  | mutation]
  4478 | D:5      | Gained mutation: You are agile. (Dex +4, Str/Int -1)
                  | [potion of mutation]
  4478 | D:5      | Gained mutation: You are partially covered in large bone
                  | plates. (SH +4) [potion of mutation]
  4478 | D:5      | Gained mutation: You passively map a small area around you.
                  | [potion of mutation]
  4478 | D:5      | Killed from afar by an orc priest

Illustrated notes

Levels and vault maps discovered:
D:1:      sevenhm_arrival_forest_fort_small_6, layout_basic
D:2:      layout_loops_cross, basic_altar
D:3:      layout_basic, minmay_misc_feat_x, kennysheep_boxes
D:4:      layout_loops_ring, kennysheep_decorative_pillar,
          kennysheep_generic_room_9
D:5:      layout_cave_pools, minmay_temple_entry_offerings,
          gammafunk_ghost_nasty_kobolds, serial_column_ruins,
          column_ruins_hut_ruined, column_ruins_grid_5, column_ruins_open_tiny,
          column_ruins_open_small, column_ruins_open_small,
          column_ruins_open_tiny, column_ruins_columns_straight,
          column_ruins_open_tiny, guppyfry_early_orc_mine

Skill      XL: |  1  2  3  4  5  6 |
---------------+-------------------+-----
Axes           | 3 4 5 |  5.5
Dodging        | 2 |  2.0
Armour         | 3 4 |  4.2
Fighting       | 4 |  4.6

Action                     |  1- 3 |  4- 6 |  7- 9 || total
---------------------------+-------+-------+-------++-------
  Melee: Hand axe          |   154 |   132 |    16 ||   302
         Punch             |     1 |       |       ||     1
 Invoke: Trog's Hand       |     1 |     3 |     1 ||     5
         Berserk           |       |     3 |     1 ||     4
    Use: Scroll            |     3 |     2 |     3 ||     8
         Potion            |       |       |     1 ||     1
 Armour: Animal skin       |    30 |       |       ||    30
         Plate armour      |    88 |   138 |       ||   226
         Steam dragon scal |       |     5 |    27 ||    32
  Dodge: Dodged            |    72 |    55 |     9 ||   136

Table legend: (Time is in decaauts)
 A = Elapsed time spent in this place.
 B = Non-inter-level travel time spent in this place.
 C = Inter-level travel time spent in this place.
 D = Time resting spent in this place.
 E = Time spent auto-exploring this place.
 F = Levels seen in this place.
 G = Mean time per level.
                   A        B        C        D        E       F      G
               +--------+--------+--------+--------+--------+-----+--------+
         Total |   4534 |   4370 |    164 |    729 |   2795 |   5 |  906.8 |
       Dungeon |   4534 |   4370 |    164 |    729 |   2795 |   5 |  906.8 |
               +--------+--------+--------+--------+--------+-----+--------+

Top non-repeatable levels by time:
     D:4: 1652 daAuts
     D:1: 1148 daAuts
     D:3: 887 daAuts
     D:2: 808 daAuts
     D:5: 37 daAuts
